 Dungeon Crawl Stone Soup version 0.30.0-18-gc0e69614cb (webtiles) character file.

Game seed: 8791353724076376893

3275 Edyrem the Magician (level 9, -15/71 HPs)
             Began as a White Draconian Conjurer on May 25, 2023.
             Was a Follower of Vehumet.
             Demolished by a cyclops (25 damage)
             ... on level 7 of the Dungeon.
             The game lasted 00:19:18 (8624 turns).

Edyrem the Magician (White Draconian Conjurer)      Turns: 8624, Time: 00:19:18

Health: -15/71     AC:  9    Str: 14    XL:     9   Next: 68%
Magic:  7/20       EV: 15    Int: 19    God:    Vehumet [*.....]
Gold:   285        SH:  0    Dex: 16    Spells: 10/23 levels left

rFire   . . .        b - +8 quarterstaff "Uriang" {speed, Fly Str+4 Int-3 Dex+6}
rCold   + . .        (shield currently unavailable)
rNeg    . . .        (body armour unavailable)
rPois   .            (helmet restricted)
rElec   .            (no cloak)
rCorr   .            p - +1 pair of gloves
SInv    +            (no boots)
Will    .....        (no amulet)
Stlth   ++           g - ring of see invisible
HPRegen 0.31/turn    l - ring of flight
MPRegen 0.17/turn

%: no passive effects
@: flying
A: breathe frost, AC +7, unfitting armour, cold resistance 1, cold-blooded
a: Breathe Frost, Renounce Religion


You were on level 7 of the Dungeon.
You worshipped Vehumet.
Vehumet was aware of your devotion.
You visited 2 branches of the dungeon, and saw 8 of its levels.

You collected 355 gold pieces.
You spent 70 gold pieces at shops.

Inventory:

Hand Weapons
 a - a +3 whip
 b - the +8 quarterstaff "Uriang" (weapon) {speed, Fly Str+4 Int-3 Dex+6}
   (You found it on level 3 of the Dungeon)

   Str:       It affects your strength (+4).
   Int:       It affects your intelligence (-3).
   Dex:       It affects your dexterity (+6).
   Fly:       It grants you flight.
 f - a +4 sling
 t - a +2 short sword of speed
Missiles
 o - 18 poisoned darts
 r - 2 throwing nets
Armour
 p - a +1 pair of gloves (worn)
 x - an orb of mayhem
Jewellery
 g - a ring of see invisible (left hand)
 l - a ring of flight (right hand)
Wands
 v - a wand of flame (16)
 w - a wand of digging (7)
 y - a wand of roots (2)
Scrolls
 d - a scroll of identify {@r1}
 h - 3 scrolls of teleportation {unknown}
 m - 2 scrolls of immolation {unknown}
 n - 6 scrolls of poison
 s - 4 scrolls of fog {unknown}
 u - 2 scrolls of summoning {unknown}
Potions
 c - 3 potions of brilliance
 e - 4 potions of heal wounds {@q1}
 i - a potion of invisibility {unknown}
 j - 2 potions of resistance
 k - 3 potions of curing {@q2}
 q - a potion of magic
 z - a potion of attraction {unknown}


   Skills:
 - Level 4.0 Fighting
 * Level 5.9 Staves
 + Level 5.8 Dodging
 - Level 1.7 Stealth
 + Level 7.5 Spellcasting
 + Level 7.3 Conjurations


You had 10 spell levels left.
You knew the following spells:

 Your Spells              Type           Power      Damage    Failure   Level
a - Magic Dart            Conj           100%       1d8       1%          1
b - Searing Ray           Conj           70%        2d7       1%          2
c - Blink                 Tloc           14%        N/A       14%         2
d - Fulminant Prism       Conj/Hex       10%        3d9       22%         4
e - Iskenderun's Mystic   Conj/Tloc      21%        2d6       22%         4

Your spell library contained the following spells:

 Spells                   Type           Power      Damage    Failure   Level
 Foxfire                  Conj/Fire      84%        2x1d8     2%          1
 Dazzling Flash           Conj/Hex       42%        N/A       6%          3
 Sublimation of Blood     Necr           7%         N/A       14%         2
 Wereblood                Tmut           7%         N/A       14%         2
 Vhi's Electric Charge    Tloc/Air       14%        N/A       28%         3
 Arcjolt                  Conj/Air       10%        1d20      52%         5
 Manifold Assault         Tloc           7%         N/A       67%         4
 Plasma Beam              Fire/Air       3%         2x1d15    100%        6
 Storm Form               Tmut/Air       3%         N/A       100%        7
 Summon Hydra             Summ           3%         N/A       100%        7


Dungeon Overview and Level Annotations

Branches:
Dungeon (7/15)             Temple (1/1) D:5

Altars:
Ashenzari
Cheibriados
Dithmenos
Elyvilon
Fedhas
Gozag
Hepliaklqana
Kikubaaqudgha
Makhleb
Nemelex Xobeh
Okawaru
Qazlal
Ru
Trog
Uskayaw
Vehumet
Wu Jian
Xom
Yredelemnul
Zin
The Shining One

Shops:
D:6 !

Portals:
Abyss: D:5

Annotations:
D:3 1 runed translucent door, Liamsmithers's ghost, amateur OpFE
D:5 2 transporters, PerfectTommy's ghost, novice MiFi


Innate Abilities, Weirdness & Mutations

You can breathe waves of freezing cold which knock back foes.
Your icy white scales are hard. (AC +7)
You cannot fit into any form of body armour.
Your flesh is cold resistant. (rC+)
You are cold-blooded and may be slowed by cold attacks.


Message History

(Press . to maintain the ray.)
The cyclops throws a large rock.
The large rock hits you!!
The searing ray hits the cyclops!
The cyclops is heavily wounded.
The cyclops throws a large rock.
The large rock barely misses you.
The searing ray hits the cyclops but does no damage.
The cyclops is heavily wounded.
The searing ray hits the cyclops.
The cyclops is heavily wounded.
You finish channelling your searing ray.
An orc wizard comes into view. It is wielding a +0 spear.
Casting: Searing Ray (safe; 1% risk of failure)
Confirm with . or Enter, or press ? or * to list all spells.
Aiming: Searing Ray (safe; 1% risk of failure)
Press: ? - help, Shift-Dir - straight line, f - orc wizard, p - cyclops
Aim: an orc wizard, wielding a +0 spear and wearing a +0 robe (76% to hit)
The searing ray hits the cyclops!
The cyclops is severely wounded.
The searing ray hits the orc wizard.
The orc wizard is moderately wounded. (Press . to maintain the ray.)
The searing ray hits the cyclops.
The cyclops is severely wounded.
The searing ray hits the orc wizard.
The orc wizard is heavily wounded.
The searing ray hits the cyclops.
The cyclops is almost dead.
The searing ray hits the orc wizard!
You kill the orc wizard!
Vehumet accepts your kill.
The cyclops throws a large rock.
The large rock hits you!
The searing ray hits the cyclops.
The cyclops is almost dead.
You finish channelling your searing ray.
The cyclops throws a large rock.
The large rock hits you!!
* * * LOW HITPOINT WARNING * * *
You hit the cyclops.
The cyclops is almost dead.
The cyclops hits you!!
You die...

...###......#
#.##.###
...###......#
#.##.#
......#.....#
#.##.######
...##.#.#####
###.##.).....
..#).....#
#............
..#.#.#..#
#.####...<...
..#..<#..#
######.# #.######
#.###.#..#
#####...##.####.#
#.###>#..#
#.#.'@C).#......#
#.#...#..#
##..####'########
#.#.###..# #...#
..#...#..####'##
..#......#888.##
..#####.†)))..8#
........##888.##
..###########'# #
.......## ...# #


You could see a cyclops.

Vanquished Creatures
  Maggie (D:7)
  A wraith (D:7)
  2 water moccasins
  5 ice beasts
  2 black bears
  3 sky beasts (D:7)
  2 centaurs
  4 ogres
  A phantom (D:5)
  A bullfrog (D:7)
  A kobold brigand (D:4)
  2 scorpions
  4 wights
  A howler monkey (D:7)
  3 hounds
  A jelly (D:5)
  2 orc priests (D:3)
  2 sleepcaps
  6 iguanas
  2 orc wizards (D:7)
  10 adders
  A shadow imp (D:5)
  4 white imps
  3 ufetubi
  2 worms
  6 orcs
  4 endoplasms
  5 giant cockroaches
  11 hobgoblins
  8 kobolds
  3 quokkas
  6 ball pythons
  10 bats
  A frilled lizard (D:1)
  4 goblins
  6 rats
130 creatures vanquished.

Notes
Turn   | Place    | Note
-------+----------+-------------------------------------------
     0 | D:1      | Edyrem the Draconian Conjurer began the quest for the Orb.
     0 | D:1      | Reached XP level 1. HP: 14/14 MP: 3/3
   350 | D:1      | Reached XP level 2. HP: 22/22 MP: 3/5
   915 | D:2      | Reached skill level 1 in Fighting
   915 | D:2      | Reached XP level 3. HP: 22/28 MP: 1/6
  1113 | D:2      | Learned a level 2 spell: Searing Ray
  2006 | D:3      | Reached XP level 4. HP: 34/36 MP: 4/8
  2173 | D:3      | Found a runed translucent door.
  2177 | D:3      | Noticed Liamsmithers's ghost (amateur OpFE)
  2372 | D:3      | Reached XP level 5. HP: 35/41 MP: 5/10
  2425 | D:3      | Identified the +8 quarterstaff "Uriang" {speed, Fly Str+4
                  | Int-3 Dex+6}
  2880 | D:4      | Noticed an ogre
  3263 | D:4      | Reached XP level 6. HP: 50/50 MP: 8/12
  3461 | D:4      | Noticed an ice beast
  3471 | D:4      | Killed an ice beast
  3472 | D:4      | Reached skill level 5 in Conjurations
  4023 | D:4      | Learned a level 2 spell: Blink
  4061 | D:5      | Entered Level 5 of the Dungeon
  4069 | D:5      | Found a one-way gate to the infinite horrors of the Abyss.
  4069 | D:5      | Found a transporter.
  4069 | D:5      | Noticed PerfectTommy's ghost (novice MiFi)
  4209 | D:5      | Your scales start taking on an icy white colour.
  4209 | D:5      | Reached XP level 7. HP: 39/57 MP: 12/14
  4209 | D:5      | Gained mutation: Your flesh is cold resistant. (rC+) [White
                  | Draconian growth]
  4613 | D:5      | Reached skill level 5 in Spellcasting
  4828 | D:5      | Found a transporter.
  4847 | D:5      | Noticed a small abomination
  5084 | D:5      | Found a staircase to the Ecumenical Temple.
  5105 | Temple   | Entered the Ecumenical Temple
  5762 | Temple   | Became a worshipper of Vehumet
  5798 | D:5      | Reached skill level 1 in Staves
  5983 | D:5      | Reached XP level 8. HP: 66/66 MP: 10/16
  6043 | D:5      | Found a burning altar of Makhleb.
  6046 | D:5      | Found an ornate altar of the Wu Jian Council.
  6116 | D:5      | Noticed a toenail golem
  6638 | D:6      | Found a sparkling altar of Nemelex Xobeh.
  6867 | D:6      | Found Begadoul's Distillery.
  6875 | D:6      | Bought a potion of heal wounds for 70 gold pieces
  7423 | D:6      | Reached skill level 5 in Dodging
  7614 | D:7      | Found a basalt altar of Yredelemnul.
  7681 | D:7      | Reached XP level 9. HP: 71/71 MP: 11/19
  7738 | D:7      | Learned a level 4 spell: Fulminant Prism
  7743 | D:7      | Learned a level 4 spell: Iskenderun's Mystic Blast
  8121 | D:7      | Noticed Maggie
  8136 | D:7      | Killed Maggie
  8383 | D:7      | Reached skill level 5 in Staves
  8462 | D:7      | Reached * piety under Vehumet
  8462 | D:7      | Offered knowledge of Foxfire by Vehumet.
  8614 | D:7      | Noticed a cyclops
  8624 | D:7      | Demolished by a cyclops

Illustrated notes

Levels and vault maps discovered:
D:1:      dpeg_arrival_pits, layout_basic, minmay_tripent
D:2:      layout_loops_ring, minivault_26
D:3:      layout_loops_ring, gammafunk_ghost_grave, kennysheep_nondescript
D:4:      layout_loops_cross
D:5:      layout_loops_corners, minitemple, temple_pool_b,
          gammafunk_ghost_abyssal_escape, chequers_jeans
D:6:      layout_loops_ring, mainiacjoe_overflow_alcove_4, serial_shops,
          nicolae_square_shop
D:7:      minmay_chambers_of_sevens, layout_basic, mainiacjoe_overflow_brackets,
          uniq_maggie
Temple:   sentei_temple_godly_chess

Skill      XL: |  1  2  3  4  5  6  7  8  9 |
---------------+----------------------------+-----
Dodging        | 2 3 4 5 |  5.8
Fighting       | 1 2 3 4 |  4.0
Spellcasting   | 3 4 5 6 7 |  7.5
Conjurations   | 5 6 7 |  7.3
Staves         | 1 3 5 |  5.9
Stealth        | |  1.7

Action                     |  1- 3 |  4- 6 |  7- 9 || total
---------------------------+-------+-------+-------++-------
  Melee: Whip              |    52 |    12 |       ||    64
         Tailslap          |     3 |     6 |     5 ||    14
         Quarterstaff      |       |    30 |    46 ||    76
   Cast: Magic Dart        |    45 |    21 |    10 ||    76
         Searing Ray       |     3 |    16 |    52 ||    71
    Use: Potion            |       |     1 |       ||     1
         Scroll            |       |       |    10 ||    10
   Stab: Sleeping          |     3 |     1 |     2 ||     6
 Armour: Skin              |    14 |    16 |    38 ||    68
  Dodge: Dodged            |    39 |    29 |    63 ||   131
